 Dungeon Crawl Stone Soup version 0.31-a0-1321-g5021b54cb2 (webtiles) character file.

Game seed: 11368495681174047490

58 Okkudo the Chopper (level 4, 0/39 HPs)
             Began as a Hill Orc Monk on Dec 21, 2023.
             Succumbed to an adder's poison
             ... on level 4 of the Dungeon.
             The game lasted 00:05:00 (2317 turns).

Okkudo the Chopper (Hill Orc Monk)                  Turns: 2317, Time: 00:05:01

Health: 0/39       AC:  2    Str: 15    XL:     4   Next: 1%
Magic:  4/4        EV: 12    Int: 10    God:
Gold:   120        SH:  0    Dex: 13    Spells: 3/3 levels left

rFire   . . .        a - +0 hand axe
rCold   . . .        d - orb {light}
rNeg    + . .        b - +0 robe
rPois   .            (no helmet)
rElec   .            (no cloak)
rCorr   .            (no gloves)
SInv    .            (no boots)
Will    .....        (no amulet)
Stlth   +            k - ring of positive energy
HPRegen 0.26/turn    (no ring)
MPRegen 0.09/turn

%: no passive effects
@: lethally poisoned (0 -> -7), glowing
A: no striking features
a: no special abilities


You were on level 4 of the Dungeon.
You visited 1 branch of the dungeon, and saw 4 of its levels.

You collected 120 gold pieces.

Inventory:

Hand Weapons
 a - a +0 hand axe (weapon)
Missiles
 o - 4 poisoned darts
Armour
 b - a +0 robe (worn)
 d - an orb of light (worn)
Jewellery
 k - a ring of positive energy (left hand)
Scrolls
 f - 2 scrolls of fog
 i - a scroll of enchant armour
 m - a scroll of teleportation {unknown}
 s - a scroll of vulnerability
Potions
 c - a potion of ambrosia
 e - 4 potions of brilliance {unknown}
 h - 4 potions of degeneration {unknown}
 j - a potion of might {unknown}
 l - a potion of haste {unknown}
 n - a potion of attraction {unknown}
 p - a potion of lignification {unknown}
 q - a potion of invisibility {unknown}
 r - a potion of curing {unknown}


   Skills:
 - Level 3.6 Fighting
 * Level 6.3 Axes
 - Level 2.4 Dodging


You had 3 spell levels left.
You didn't know any spells.
Your spell library contained the following spells:

 Spells                   Type           Power      Damage    Failure   Level
 Necrotise                Necr           0%         1d4       36%         1
 Vampiric Draining        Necr           0%         2d6       75%         3
 Agony                    Necr           0%         N/A       100%        5


Dungeon Overview and Level Annotations

Branches:
Dungeon (4/15)
 Temple: D:4-7

Altars:
Qazlal

Annotations:
D:4 Sigmund


Message History

s - a scroll of vulnerability Sigmund the Dreaded comes into view.
He is wielding a +0 scythe.
Sigmund hits you but does no damage. Sigmund barely misses you.
Sigmund hits you from afar with a +0 scythe!
You open the door.
An adder comes into view.
The adder bites you. The adder closely misses you.
There is an open door, spattered with blood here.
The adder bites you.
You are poisoned.
The adder poisons you! Sigmund gestures at you while chanting.
The puff of flame hits you.
You feel sick. The adder bites you.
You feel sick. The adder bites you.
You are more poisoned.
The adder poisons you!
You open the door.
You feel sick. The adder closely misses you.
You feel sick. The adder bites you but does no damage.
Sigmund closely misses you.
There is an open door here.
You feel sick. The adder bites you.
* * * LOW HITPOINT WARNING * * *
You are more poisoned.
The adder poisons you!
* * * LOW HITPOINT WARNING * * *
You feel sick.
You feel sick.
Sigmund gestures wildly while chanting.
Sigmund flickers and vanishes!
Deactivating autopickup; reactivate with Ctrl-A.
You feel sick.
You feel sick. The adder barely misses you.
You feel sick. The adder attacks as it pursues you! The adder bites you.
* * * LOW HITPOINT WARNING * * *
You are more poisoned.
The adder poisons you!
Found 16 gold pieces.
Found a stone staircase leading down.
You die...

#....'...##...#...
##'###...##...####
.
#...##..........#
..
#...#######.....#
... #...# #.....#
.... #...# #.....#
...$. #.S.#
#.....#
......#...#
#.....# #.@..#
####### #.#### #.
#. #. #> #. #.


You could see an adder.

Vanquished Creatures
  2 adders (D:2)
  A dart slug (D:1)
  5 endoplasms
  A giant cockroach (D:2)
  6 hobgoblins
  A quokka (D:2)
  5 ball pythons
  5 bats
  A frilled lizard (D:3)
  4 goblins
  2 kobolds
  3 rats
36 creatures vanquished.

Notes
Turn   | Place    | Note
-------+----------+-------------------------------------------
     0 | D:1      | Okkudo the Hill Orc Monk began the quest for the Orb.
     0 | D:1      | Reached XP level 1. HP: 19/19 MP: 1/1
   250 | D:1      | Reached XP level 2. HP: 23/26 MP: 2/2
   409 | D:1      | Reached skill level 5 in Axes
   618 | D:2      | Reached XP level 3. HP: 15/31 MP: 3/3
   922 | D:2      | Found a faded altar of an unknown god.
   971 | D:2      | Reached skill level 6 in Axes
  1254 | D:2      | Found a stormy altar of Qazlal.
  2293 | D:4      | Reached XP level 4. HP: 35/39 MP: 4/4
  2299 | D:4      | Noticed Sigmund
  2317 | D:4      | Succumbed to an adder's poison

Illustrated notes

Levels and vault maps discovered:
D:1:      ebering_trefoil_twist, layout_basic
D:2:      minmay_spotlight, layout_loops_ring, basic_altar,
          nicolae_ecumenical_oubliette, nicolae_concentric_dashed_squares_mild
D:3:      layout_basic
D:4:      layout_gridville, portal_sewer_entry_e, minmay_quadrilaterals,
          uniq_sigmund

Skill      XL: |  1  2  3 |
---------------+----------+-----
Axes           | 5 6 |  6.3
Fighting       | |  3.6
Dodging        | |  2.4

Action                     |  1- 3 |  4- 6 || total
---------------------------+-------+-------++-------
  Melee: Hand axe          |   109 |       ||   109
    Use: Scroll            |     1 |     2 ||     3
 Armour: Robe              |    59 |    10 ||    69
  Dodge: Dodged            |    91 |     5 ||    96

Table legend: (Time is in decaauts)
 A = Elapsed time spent in this place.
 B = Non-inter-level travel time spent in this place.
 C = Inter-level travel time spent in this place.
 D = Time resting spent in this place.
 E = Time spent auto-exploring this place.
 F = Levels seen in this place.
 G = Mean time per level.
                   A        B        C        D        E       F      G
               +--------+--------+--------+--------+--------+-----+--------+
         Total |   2324 |   2037 |    287 |    126 |   1337 |   4 |  581.0 |
       Dungeon |   2324 |   2037 |    287 |    126 |   1337 |   4 |  581.0 |
               +--------+--------+--------+--------+--------+-----+--------+

Top non-repeatable levels by time:
     D:2: 1030 daAuts
     D:3: 740 daAuts
     D:1: 519 daAuts
     D:4: 33 daAuts
